 Dungeon Crawl Stone Soup version 0.25.1-2-g60ff931df9 (webtiles) character file.

Game seed: 9316686849935751240

41360 growler the Geomancer (level 13, -1/86 HPs)
             Began as a Demigod Earth Elementalist on Oct 12, 2020.
             Slain by a fire crab (5 damage)
             ... on level 6 of the Lair of Beasts.
             The game lasted 01:01:26 (24410 turns).

growler the Geomancer (Demigod Earth Elementalist) Turns: 24410, Time: 01:01:27

Health: -1/86      AC:  9    Str: 13    XL:     13   Next: 44%
Magic:  14/24      EV: 15    Int: 28    God:
Gold:   80         SH: 12    Dex: 20    Spells: 9/22 levels left

rFire    + . .     SeeInvis .   q - +2 whip (drain)
rCold    + . .     Gourm    .   j - +0 kite shield
rNeg     + . .     Faith    .   s - +0 troll leather armour
rPois    +         Spirit   .   v - +0 helmet
rElec    +         Reflect  .   r - +0 cloak
rCorr    +         Harm     .   l - +2 pair of gloves
MR       +....                  (no boots)
Stlth    ++........             (no amulet)
HPRegen  0.64/turn              B - +4 ring of evasion
MPRegen  0.19/turn              n - ring "Sulonual" {rN+ Int+3 Dex+4}

@: resistant
A: high mp 1
a: no special abilities


You were on level 6 of the Lair of Beasts.
You were hungry.

You visited 3 branches of the dungeon, and saw 18 of its levels.

You collected 925 gold pieces.
You spent 845 gold pieces at shops.

Inventory:

Hand Weapons
 q - a +2 whip of draining (weapon)
   (You found it on level 2 of the Dungeon)
Missiles
 b - 242 stones (quivered)
Armour
 j - a +0 kite shield (worn)
   (You found it on level 1 of the Dungeon)
 l - a +2 pair of gloves (worn)
   (You found it on level 9 of the Dungeon)
 r - a +0 cloak (worn)
   (You found it on level 4 of the Dungeon)
 s - a +0 troll leather armour (worn)
   (You found it on level 8 of the Dungeon)
 v - a +0 helmet (worn)
   (You took it off Robin on level 3 of the Dungeon)
Jewellery
 i - an uncursed ring of protection from fire
   (You took it off an orc on level 9 of the Dungeon)
 n - the ring "Sulonual" (right hand) {rN+ Int+3 Dex+4}
   (You found it on level 5 of the Lair of Beasts)

   [ring of positive energy]

   It affects your intelligence (+3).
   It affects your dexterity (+4).
   It protects you from negative energy.
 z - an uncursed ring of see invisible
   (You found it on level 5 of the Dungeon)
 B - a +4 ring of evasion (left hand)
   (You found it on level 4 of the Dungeon)
 F - a +4 ring of evasion
   (You found it on level 5 of the Lair of Beasts)
 K - an uncursed ring of stealth
   (You found it on level 10 of the Dungeon)
 L - a +6 ring of strength
   (You found it on level 10 of the Dungeon)
 R - a +6 ring of dexterity
   (You found it on level 1 of the Lair of Beasts)
Wands
 d - a wand of iceblast (11)
   (You found it on level 11 of the Dungeon)
 k - a wand of polymorph (30)
   (You found it on level 9 of the Dungeon)
 t - a wand of flame (27)
   (You found it on level 10 of the Dungeon)
 x - a wand of acid (18)
   (You found it on level 3 of the Dungeon)
Scrolls
 a - a scroll of brand weapon {unknown}
 g - a scroll of silence {unknown}
 h - 4 scrolls of amnesia
 m - a scroll of fog
 o - 7 scrolls of remove curse {@r2}
 u - 2 scrolls of immolation {!r}
 w - a scroll of torment {unknown}
 y - 4 scrolls of teleportation {@r4}
 C - 3 scrolls of enchant weapon
 I - a scroll of acquirement {unknown}
 N - 2 scrolls of enchant armour
 P - 2 scrolls of magic mapping
 Q - a scroll of blinking {unknown}
 T - a scroll of identify {@r1}
 U - a scroll of vulnerability {unknown}
 V - 2 scrolls of summoning
Potions
 c - 2 potions of resistance
 f - 4 potions of brilliance
 p - 2 potions of invisibility
 A - 3 potions of stabbing
 D - 3 potions of haste {@q3}
 E - 3 potions of lignification {!q}
 G - a potion of might
 H - 2 potions of berserk rage
 J - 2 potions of curing {@q1}
 M - a potion of flight
 S - 2 potions of mutation {!q}
Comestibles
 e - 9 rations {!d}


   Skills:
 + Level 11.3 Maces & Flails
 - Level 1.7 Dodging
 - Level 1.7 Stealth
 - Level 10.0 Shields
 - Level 5.0 Spellcasting
 - Level 7.0 Conjurations
 + Level 7.6 Transmutations
 - Level 12.0 Earth Magic


You had 9 spell levels left.
You knew the following spells:

 Your Spells              Type           Power        Failure   Level  Hunger
a - Sandblast             Erth           ######       1%          1    None
b - Petrify               Tmut/Erth      ######..     2%          4    ###....
c - Lee's Rapid Deconstr  Erth           ######....   3%          5    #####..
x - Stone Arrow           Conj/Erth      ######       1%          3    #......

Your spell library contained the following spells:

 Spells                   Type           Power        Failure   Level  Hunger
 Passwall                 Tmut/Erth      ######..     1%          2    None
 Leda's Liquefaction      Hex/Erth       #####.....   14%         4    ###....
 Animate Skeleton         Necr           N/A          16%         1    None
 Apportation              Tloc           #.....       16%         1    None
 Corona                   Hex            #......      16%         1    None
 Infusion                 Chrm           #...         16%         1    None
 Summon Small Mammal      Summ           #...         16%         1    None
 Shroud of Golubria       Chrm/Tloc      #.....       24%         2    None
 Song of Slaying          Chrm           #.......     24%         2    None
 Bolt of Magma            Conj/Fire/Erth #####.....   34%         5    #####..
 Statue Form              Tmut/Erth      ######...    41%         6    ######.
 Ozocubu's Armour         Chrm/Ice       #.......     43%         3    #......
 Recall                   Summ/Tloc      N/A          43%         3    #......
 Spectral Weapon          Hex/Chrm       #.......     43%         3    #......
 Iron Shot                Conj/Erth      ######....   45%         6    ######.
 Yara's Violent Unravell  Hex/Tmut       ####......   67%         5    #####..
 Cause Fear               Hex            #.........   85%         4    ###....
 Aura of Abjuration       Summ           #.........   99%         5    #####..
 Silence                  Hex/Air        #.........   99%         5    #####..
 Summon Demon             Summ           #.........   99%         5    #####..
 Summon Forest            Summ/Tloc      #.........   99%         5    #####..
 Summon Mana Viper        Hex/Summ       #.......     99%         5    #####..
 Shadow Creatures         Summ           N/A          100%        6    ######.
 Discord                  Hex            #.........   100%        8    #######
 Shatter                  Erth           ######....   100%        9    #######


Dungeon Overview and Level Annotations

Branches:
Dungeon (11/15)            Temple (0/1) D:4            Lair (6/6) D:10
  Swamp (0/4) Lair:3        Snake (1/4) Lair:4          Orc (0/2) D:10
  Slime: Lair:5-6

Shops:
D:4 *   D:5 (   D:7 (   D:10 :

Portals:
Trove: D:11 (show abyssal rune of Zot)

Annotations:
D:9 2 transporters, Daunt's ghost, journeyman SpEn
Lair:2 3 runed translucent doors, Duaji's ghost, journeyman GrFi
Lair:4 3 runed translucent doors, PhantomBowie's ghost, adept GrFi


Innate Abilities, Weirdness & Mutations

You have an increased reservoir of magic. (+10% MP)


Message History

The blast of sand misses the black mamba.
b - 245 stones The black mamba barely misses you.
Aim: a black mamba (heavily wounded)
The blast of sand misses the black mamba.
b - 244 stones You block the black mamba's attack.
The black mamba bites you but does no damage.
Aim: a black mamba (heavily wounded)
The blast of sand hits the black mamba!
b - 243 stones You block the black mamba's attack.
The black mamba bites you but does no damage.
Aim: a black mamba (severely wounded)
The blast of sand hits the black mamba!!
You kill the black mamba!
b - 242 stones
Aim: a fire crab The stone arrow hits the fire crab.
The fire crab breathes flames at you. The blast of flame engulfs you.
You are engulfed in blazing flames.
* * * LOW HITPOINT WARNING * * *
Aim: a fire crab (flame, lightly wounded, chance to defeat MR: 28%)
The fire crab easily resists.
You are engulfed in blazing flames.
* * * LOW HITPOINT WARNING * * *
You block the fire crab's attack. The fire crab claws you.
* * * LOW HITPOINT WARNING * * *
You are engulfed in flames!
* * * LOW HITPOINT WARNING * * *
You feel much better. The fire crab misses you. x2
You feel protected. The fire crab breathes flames at you.
The blast of flame engulfs you. You resist.
* * * LOW HITPOINT WARNING * * *
You are engulfed in blazing flames.
You resist.
* * * LOW HITPOINT WARNING * * *
Okay, then.
You feel much better. The fire crab breathes flames at you.
The blast of flame engulfs you. You resist.
* * * LOW HITPOINT WARNING * * *
Aim: a fire crab (flame, lightly wounded)
The stone arrow hits the fire crab!!
You are engulfed in blazing flames.
You resist.
* * * LOW HITPOINT WARNING * * *
The fire crab misses you. The fire crab claws you.
* * * LOW HITPOINT WARNING * * *
You are engulfed in flames.
You resist.
You die...

##....#.### #......#§
...........## #.......≈
.........).. #......≈.
.≈≈≈....... ##.....#≈.
....≈≈≈....#####......#≈≈
.......≈≈...#.#.........#≈
...≈≈...○§§...#............
...≈≈..≈§≈○○○...###.........
..≈≈...≈..○@t..## ####......
.......≈..○○○...### ##≈§≈§.
...........)○.....### ##≈§≈
.≈..................# ##
.≈..................[
.≈≈................##
^.≈≈...............#####
..≈...............###..##
..≈............÷.P###...####


You could see a fire crab.

Vanquished Creatures
  Rupert (Lair:5)
  Gastronok (Lair:3)
  Kirke (Lair:5)
  Fannar (Lair:3)
  A two-headed ogre (D:8)
  2 hydras (Lair:4)
  Sonja (Lair:6)
  An oklob plant (D:10)
  A cyclops (D:11)
  Joseph (D:7)
  10 elephants
  A molten gargoyle (Lair:6)
  3 black mambas
  A centaur skeleton (D:9)
  A gargoyle (D:11)
  5 spiny frogs
  7 komodo dragons
  A rime drake (Lair:4)
  2 ice devils (Lair:5)
  3 trolls
  4 hippogriffs
  2 hornets
  16 blink frogs
  3 wyverns
  50 yaks
  A basilisk (Lair:1)
  4 vampire mosquitoes (Lair:3)
  4 hogs (Lair:5)
  Grum (D:8)
  3 nagas (Lair:4)
  Menkaure (D:7)
  4 hell hounds (Lair:6)
  An ice beast (D:5)
  11 water moccasins
  3 porcupines
  6 orc warriors
  4 phantoms
  2 sky beasts
  9 ogres
  A necrophage (D:5)
  3 centaurs
  12 wolves
  2 crocodiles
  16 bullfrogs
  4 scorpions
  4 wights (D:7)
  An electric eel (Lair:3)
  6 killer bees
  A howler monkey (D:8)
  9 crimson imps
  A lava snake (Lair:6)
  9 hounds
  18 orc wizards
  Crazy Yiuf (D:7)
  5 orc priests
  A jelly (D:10)
  3 iguanas
  8 worker ants
  Natasha (twice) (D:2)
  A worker ant zombie (D:5)
  Robin (D:3)
  12 adders
  3 shadow imps
  2 oozes
  An adder skeleton (D:8)
  A worm (D:4)
  A dart slug (D:3)
  4 leopard geckos
  50 orcs
  8 giant cockroaches
  13 goblins
  11 hobgoblins
  A jackal (D:1)
  5 quokkas
  A ball python (D:1)
  3 bats
  8 frilled lizards
  A jackal skeleton (D:5)
  8 kobolds
  A quokka skeleton (D:8)
  A quokka zombie (D:5)
  7 rats
  3 fungi
  A plant (D:10)
429 creatures vanquished.

Vanquished Creatures (others)
  3 fungi
  A plant (Lair:2)
4 creatures vanquished.

Grand Total: 433 creatures vanquished

Notes
Turn   | Place    | Note
-------+----------+-------------------------------------------
     0 | D:1      | growler the Demigod Earth Elementalist began the quest for
                  | the Orb.
     0 | D:1      | Reached XP level 1. HP: 14/14 MP: 5/5
   357 | D:1      | Reached skill level 3 in Earth Magic
   389 | D:1      | Reached XP level 2. HP: 8/20 MP: 2/7
  1450 | D:2      | Found an ancient bone altar of Kikubaaqudgha.
  1450 | D:2      | Found a glowing silver altar of Zin.
  1450 | D:2      | Found a blossoming altar of Fedhas.
  1689 | D:2      | Noticed Natasha
  1693 | D:2      | Killed Natasha
  1693 | D:2      | Reached skill level 4 in Earth Magic
  1693 | D:2      | Reached XP level 3. HP: 26/26 MP: 5/8
  1763 | D:2      | Noticed Natasha
  1769 | D:2      | Killed Natasha
  1969 | D:2      | Reached XP level 4. HP: 33/33 MP: 9/9
  1974 | D:2      | Learned a level 3 spell: Stone Arrow
  2581 | D:3      | Reached skill level 5 in Earth Magic
  2602 | D:3      | Reached XP level 5. HP: 18/38 MP: 6/10
  2950 | D:3      | Noticed Robin
  2962 | D:3      | Killed Robin
  3369 | D:3      | Found a shimmering altar of Xom.
  3376 | D:3      | Reached skill level 6 in Earth Magic
  3393 | D:3      | Reached XP level 6. HP: 43/45 MP: 3/11
  3626 | D:4      | Reached skill level 7 in Earth Magic
  3806 | D:4      | Reached skill level 1 in Shields
  3806 | D:4      | Reached skill level 1 in Conjurations
  3901 | D:4      | Found a staircase to the Ecumenical Temple.
  4205 | D:4      | Reached XP level 7. HP: 26/50 MP: 11/13
  4233 | D:4      | Learned a level 4 spell: Petrify
  4379 | D:4      | Found Usmot's Assorted Antiques.
  4864 | D:5      | Entered Level 5 of the Dungeon
  5012 | D:5      | Found a sparkling altar of Nemelex Xobeh.
  5690 | D:5      | Found Vonkeach's Antique Weapon Emporium.
  5719 | D:5      | Found a hazy altar of Hepliaklqana.
  5948 | D:6      | Reached XP level 8. HP: 57/57 MP: 1/14
  6215 | D:6      | Found an iron altar of Okawaru.
  6698 | D:7      | Found Ruulyole's Antique Weapon Emporium.
  6704 | D:6      | Reached skill level 5 in Shields
  6704 | D:6      | Reached skill level 5 in Conjurations
  7551 | D:7      | Noticed Menkaure
  7557 | D:7      | Killed Menkaure
  7557 | D:7      | Reached XP level 9. HP: 33/62 MP: 5/15
  8018 | D:7      | Found an ornate altar of the Wu Jian Council.
  8146 | D:7      | Noticed Joseph
  8163 | D:7      | Killed Joseph
  8272 | D:7      | Found a runed translucent door.
  8273 | D:7      | Noticed Crazy Yiuf
  8279 | D:7      | Killed Crazy Yiuf
  8831 | D:8      | Noticed Grum
  9147 | D:8      | Killed Grum
  9319 | D:8      | Learned a level 5 spell: Lee's Rapid Deconstruction
  9820 | D:8      | Noticed a two-headed ogre
 10336 | D:8      | Reached XP level 10. HP: 69/69 MP: 6/20
 10459 | D:8      | Killed a two-headed ogre
 10946 | D:8      | Reached skill level 5 in Spellcasting
 11388 | D:9      | Found a transporter.
 11391 | D:9      | Noticed Daunt's ghost (journeyman SpEn)
 11393 | D:9      | Noticed a moth of wrath
 11415 | D:9      | Found a transporter.
 11458 | D:9      | Reached skill level 10 in Shields
 11890 | D:9      | Reached skill level 8 in Earth Magic
 12511 | D:10     | Entered Level 10 of the Dungeon
 12526 | D:9      | Reached skill level 9 in Earth Magic
 13087 | D:10     | Found a staircase to the Orcish Mines.
 13238 | D:10     | Noticed an oklob plant
 13241 | D:10     | Found a staircase to the Lair.
 13326 | D:10     | Killed an oklob plant
 13470 | D:10     | Found Quhekyaj's Book Shop.
 13474 | D:10     | Reached XP level 11. HP: 74/74 MP: 18/22
 13786 | D:11     | Reached skill level 1 in Maces & Flails
 14046 | D:11     | Reached skill level 10 in Earth Magic
 14955 | D:11     | Found a portal to a secret trove of treasure.
 15452 | Lair:1   | Entered Level 1 of the Lair of Beasts
 16025 | Lair:1   | Got a fading spear
 16852 | Lair:2   | Noticed a seven-headed hydra
 16855 | Lair:2   | Found a runed translucent gate.
 16855 | Lair:2   | Found a runed translucent gate.
 16855 | Lair:2   | Found a runed translucent gate.
 16855 | Lair:2   | Noticed Duaji's ghost (journeyman GrFi)
 16954 | Lair:2   | Reached skill level 5 in Maces & Flails
 17028 | Lair:2   | Reached skill level 11 in Earth Magic
 18053 | Lair:3   | Noticed Fannar
 18062 | Lair:3   | Killed Fannar
 18418 | Lair:3   | Reached XP level 12. HP: 33/81 MP: 10/23
 18511 | Lair:3   | Noticed Gastronok
 18521 | Lair:3   | HP: 4/81 [wyvern (16)]
 18676 | Lair:3   | Killed Gastronok
 18948 | Lair:3   | Reached skill level 12 in Earth Magic
 19501 | Lair:3   | Reached skill level 1 in Transmutations
 19583 | Lair:3   | Found a staircase to the Swamp.
 20108 | Lair:4   | Noticed a six-headed hydra
 20117 | Lair:4   | Killed a six-headed hydra
 20296 | Lair:4   | Found a staircase to the Snake Pit.
 20463 | Lair:4   | Noticed a six-headed hydra
 20605 | Lair:4   | Killed a six-headed hydra
 21083 | Lair:4   | Found a runed translucent gate.
 21086 | Lair:4   | Found a runed translucent gate.
 21087 | Lair:4   | Found a runed translucent gate.
 21096 | Lair:4   | Noticed PhantomBowie's ghost (adept GrFi)
 21097 | Lair:4   | Noticed a minotaur
 21773 | Snake:1  | Entered Level 1 of the Snake Pit
 21844 | Lair:5   | Noticed Kirke
 21865 | Lair:5   | Killed Kirke
 21865 | Lair:5   | Reached skill level 10 in Maces & Flails
 21865 | Lair:5   | Reached skill level 5 in Transmutations
 22017 | Lair:5   | Got a faintly glowing bone ring
 22063 | Lair:5   | Reached XP level 13. HP: 41/86 MP: 0/24
 22353 | Lair:5   | Noticed Rupert
 22358 | Lair:5   | Identified the ring "Sulonual" {rN+ Int+3 Dex+4} (You found
                  | it on level 5 of the Lair of Beasts)
 22489 | D:10     | Bought a book of the Earth for 845 gold pieces
 22710 | Lair:5   | Killed Rupert
 23371 | Lair:6   | Entered Level 6 of the Lair of Beasts
 23749 | Lair:6   | Noticed Sonja
 23753 | Lair:6   | Killed Sonja
 24404 | Lair:6   | HP: 1/86 [fire crab (11)]
 24410 | Lair:6   | HP: 4/86 [fire crab (4)]
 24410 | Lair:6   | Slain by a fire crab

Illustrated notes

Levels and vault maps discovered:
D:1:      dpeg_arrival_brainrot, layout_basic
D:2:      layout_basic, chequers_temple_overflow_statue_of_worship, uniq_natasha
D:3:      layout_rooms, led_xom_imps, first_ration, uniq_robin
D:4:      layout_rooms, minmay_temple_entry_ruins, serial_shops, shop
D:5:      layout_cave_pools, lemuel_coloured_pillars_altar, serial_shops, shop,
          nemelex_xobeh_ov_fountains_minmay
D:6:      layout_basic, okawaru_ov_weapons_minmay
D:7:      layout_rooms, old_standard_altar, serial_shops,
          nicolae_shop_competitors_out_of_business, uniq_crazy_yiuf_cottage,
          uniq_menkaure, uniq_joseph
D:8:      layout_gridville, uniq_grum
D:9:      layout_long_grid, gammafunk_ghost_berserking_beasts
D:10:     layout_rooms, dpeg_oklobed_lair, david_orc_2, kennysheep_small_circle
D:11:     layout_long_grid, nicolae_trove_entry_columns
Lair:1:   layout_cave_pods, chequers_serial_rivers_small_a, grunt_megastairs_3,
          serial_bayou_shore_b
Lair:2:   layout_loops_ring, gammafunk_ghost_split
Lair:3:   layout_hall_layers, minmay_swamp_entry_swarm, grunt_megastairs_5,
          uniq_fannar, uniq_gastronok
Lair:4:   layout_cave_pods, minmay_snake_entry_guardpost_small,
          maelrawn_ghost_gauntlet_escape
Lair:5:   layout_misc_corridors, portal_ice_cave_demonic_guard,
          small_statue_intersection, uniq_rupert, uniq_kirke
Lair:6:   cheibrodos_lair_end_hotspot, layout_layer_cave, slime_altar_2,
          serial_rivers, chequers_serial_rivers_room_b,
          chequers_serial_rivers_small_a, chequers_serial_rivers_marsh,
          chequers_serial_rivers_micro_a, chequers_serial_rivers_small_b,
          chequers_serial_rivers_micro_d, minivault_25, uniq_sonja
Snake:1:  layout_onion, serial_bayou, serial_bayou_pond_e, serial_bayou_pond_a,
          serial_bayou_pond_c, serial_bayou_ford_a, serial_bayou_lagoon_a

Skill      XL: |  1  2  3  4  5  6  7  8  9 10 11 12 13 |
---------------+----------------------------------------+-----
Spellcasting   | 2 4 5 |  5.0
Earth Magic    | 3 4 5 6 7 9 11 12 | 12.0
Shields        | 1 4 6 8 10 | 10.0
Conjurations   | 1 4 6 7 |  7.0
Maces & Flails | 6 10 11 | 11.3
Transmutations | 5 7 |  7.6
Dodging        | |  1.7
Stealth        | |  1.7

Action                   |  1- 3 |  4- 6 |  7- 9 | 10-12 | 13-15 || total
-------------------------+-------+-------+-------+-------+-------++-------
Melee: Hand axe          |    69 |     3 |       |       |       ||    72
       Unarmed           |     5 |       |       |       |       ||     5
       Whip              |       |   101 |   230 |   581 |    99 ||  1011
 Cast: Sandblast         |    13 |    42 |    41 |    70 |    30 ||   196
       Stone Arrow       |       |    11 |   113 |   277 |    35 ||   436
       Lee's Rapid Decon |       |       |       |    17 |    14 ||    31
       Petrify           |       |       |       |     3 |     1 ||     4
Evoke: Wand              |       |       |     2 |     4 |     4 ||    10
  Use: Scroll            |     1 |       |     7 |    17 |       ||    25
       Potion            |       |       |       |     6 |     6 ||    12
 Stab: Sleeping          |     2 |     1 |     2 |       |     1 ||     6
       Distracted        |       |       |     1 |       |       ||     1
       Petrified         |       |       |       |     9 |       ||     9
  Eat: Chunk             |     3 |     8 |    28 |    38 |    12 ||    89
       Ration            |       |       |     1 |     3 |       ||     4
Armor: Robe              |    12 |    26 |    12 |       |       ||    50
       Leather armour    |       |       |    42 |       |       ||    42
       Troll leather arm |       |       |    10 |    93 |    25 ||   128
Dodge: Dodged            |    55 |    96 |   257 |   335 |    76 ||   819
Block: Buckler           |       |       |    37 |       |       ||    37
       Kite shield       |       |       |    72 |   417 |    75 ||   564
